 Dungeon Crawl Stone Soup version 0.24-a0-347-g1a3e1d3 (webtiles) character file.

Game seed: 18211271816671169991

85 andaith the Firebug (level 4, -2/34 HPs)
             Began as a Draconian Fire Elementalist on May 21, 2019.
             Was an Initiate of Vehumet.
             Slain by a worker ant (7 damage)
             ... on level 3 of the Dungeon on May 22, 2019.
             The game lasted 00:40:27 (2791 turns).

andaith the Firebug (Draconian Fire Elementalist)   Turns: 2791, Time: 00:40:28

Health: -2/34      AC:  5    Str: 12    XL:     4   Next: 25%
Magic:  4/7        EV: 12    Int: 15    God:    Vehumet [......]
Gold:   121        SH:  0    Dex: 11    Spells: 5/8 levels left

rFire    . . .     SeeInvis .   v - +1 dagger (flame)
rCold    . . .     Gourm    .   (no shield)
rNeg     . . .     Faith    .   (armour unavailable)
rPois    .         Spirit   .   (helmet restricted)
rElec    .         Reflect  .   (no cloak)
rCorr    +         Harm     .   (no gloves)
MR       .....                  (no boots)
Stlth    +.........             (no amulet)
HPRegen  0.11/turn              s - ring of resist corrosion
MPRegen  0.10/turn              x - ring of attention (curse)

@: lethally poisoned (-2 -> -6)
A: unfitting armour, cold-blooded, AC +5
a: Renounce Religion


You were on level 3 of the Dungeon.
You worshipped Vehumet.
Vehumet was noncommittal.
You were not hungry.

You visited 1 branch of the dungeon, and saw 4 of its levels.

You collected 121 gold pieces.

Inventory:

Hand Weapons
 a - a +0 dagger of protection
 c - a +0 club
 d - a +0 whip
 f - a +0 short sword
 k - a +0 dagger
 p - a +0 short sword
 v - a +1 dagger of flaming (weapon)
Missiles
 i - 16 poisoned darts (quivered)
 n - 79 bolts
Armour
 g - a +0 leather armour
 m - a +0 ring mail
 t - a +0 shield
 w - a +0 robe
Jewellery
 l - an uncursed ring of magical power {unknown}
 s - a ring of resist corrosion (left hand)
 x - a cursed ring of attention (right hand)
Scrolls
 e - a scroll of random uselessness {unknown}
 h - 2 scrolls of fear {unknown}
 j - 3 scrolls of remove curse {unknown}
 o - a scroll of amnesia {unknown}
 q - a scroll of identify {unknown}
 r - a scroll of enchant armour {unknown}
Potions
 u - a potion of berserk rage {unknown}
Comestibles
 b - 8 rations


   Skills:
 + Level 0.3 Fighting
 + Level 0.2 Short Blades
 + Level 1.0 Maces & Flails
 + Level 2.1 Dodging
 + Level 2.1 Stealth
 + Level 0.2 Unarmed Combat
 + Level 2.5 Spellcasting
 + Level 1.4 Conjurations
 + Level 3.7 Fire Magic


You had 5 spell levels left.
You knew the following spells:

 Your Spells              Type           Power        Failure   Level  Hunger
a - Flame Tongue          Conj/Fire      #....        7%          1    #......
b - Throw Flame           Conj/Fire      #.....       11%         2    ###....

Your spell library contained the following spells:

 Spells                   Type           Power        Failure   Level  Hunger
 Conjure Flame            Conj/Fire      #.......     22%         3    ###....
 Inner Flame              Hex/Fire       #.......     28%         3    ###....
 Sticky Flame             Conj/Fire      #.......     56%         4    #####..
 Fireball                 Conj/Fire      #.........   89%         5    ######.


Dungeon Overview and Level Annotations

Branches:
Dungeon (4/15)
 Temple: D:4-7

Altars:
Vehumet

Annotations:
D:1 Terence


Innate Abilities, Weirdness & Mutations

Your plain brown scales are hard. (AC +5)
You cannot fit into any form of body armour.
You are cold-blooded and may be slowed by cold attacks.


Message History

The worker ant is heavily wounded.
The worker ant bites you. The worker ant bites you.
* * * LOW HITPOINT WARNING * * *
You are poisoned.
The worker ant poisons you!
You climb upwards.
You feel sick.
There is a stone staircase leading down here.
You hit the worker ant. You burn the worker ant.
The worker ant is severely wounded.
You feel sick. The worker ant closely misses you.
You hit the worker ant but do no damage.
The worker ant is severely wounded.
You feel sick. The worker ant bites you.
* * * LOW HITPOINT WARNING * * *
You hit the worker ant. You burn the worker ant.
You tail-slap the worker ant, but do no damage.
The worker ant is severely wounded.
The worker ant bites you!
You die...

.............##..####
###..........# ..#
#..........# #.#
##########.###.#
#.....# #####.# #.#
#a# #@# ###


You could see a worker ant.

Vanquished Creatures
  3 adders (D:2)
  A worm (D:2)
  A dart slug (D:1)
  A leopard gecko (D:3)
  4 orcs (D:3)
  3 bats
  A giant cockroach (D:2)
  6 hobgoblins
  6 jackals
  A quokka (D:3)
  A ball python (D:2)
  4 frilled lizards
  2 goblins (D:3)
  10 kobolds
  4 rats
  A fungus (D:1)
49 creatures vanquished.

Vanquished Creatures (others)
  An adder (D:3)
1 creature vanquished.

Grand Total: 50 creatures vanquished

Notes
Turn   | Place    | Note
-------+----------+-------------------------------------------
     0 | D:1      | andaith the Draconian Fire Elementalist began the quest for
                  | the Orb.
     0 | D:1      | Reached XP level 1. HP: 14/14 MP: 3/3
   492 | D:2      | Reached XP level 2. HP: 19/20 MP: 5/5
   561 | D:2      | Reached XP level 3. HP: 21/26 MP: 6/6
  1156 | D:3      | Upgraded the game from 0.24-a0-342-gad4687c to
                  | 0.24-a0-346-ge062c78
  1170 | D:3      | Found a faded altar of an unknown god.
  1357 | D:3      | Found a radiant altar of Vehumet.
  1362 | D:3      | Upgraded the game from 0.24-a0-346-ge062c78 to
                  | 0.24-a0-347-g1a3e1d3
  1427 | D:3      | Learned a level 2 spell: Throw Flame
  1494 | D:3      | Became a worshipper of Vehumet
  1518 | D:3      | Reached skill level 1 in Maces & Flails
  1585 | D:2      | Noticed Terence
  1909 | D:1      | Reached XP level 4. HP: 29/34 MP: 3/7
  2791 | D:3      | Slain by a worker ant

Levels and vault maps discovered:
D:1:      tarquinn_simple_flora_water_f, layout_basic
D:2:      layout_basic, uniq_terence
D:3:      layout_basic, fiery_altar_vehumet, nicolae_ru_path_of_blood,
          chequers_ecumenical_altar_simple, first_ration,
          wander_ebering_terrifying_dragon_lair, uniq_crazy_yiuf_cottage
D:4:      layout_rooms, grunt_temple_overflow_champion_of_chaos, uniq_ijyb

Skill      XL: |  1  2  3 |
---------------+----------+-----
Dodging        | 2 |  2.1
Stealth        | 2 |  2.1
Maces & Flails | 1 |  1.0
Fighting       | |  0.3
Short Blades   | |  0.2
Unarmed Combat | |  0.2
Spellcasting   | |  2.5
Conjurations   | |  1.4
Fire Magic     | |  3.7

Action                   |  1- 3 |  4- 6 || total
-------------------------+-------+-------++-------
Melee: Unarmed           |    36 |       ||    36
       Whip              |    24 |       ||    24
       Tailslap          |    19 |     9 ||    28
       Dagger            |   117 |    31 ||   148
 Cast: Flame Tongue      |    29 |       ||    29
       Throw Flame       |     5 |     9 ||    14
  Use: Potion            |     1 |       ||     1
 Stab: Sleeping          |     3 |       ||     3
  Eat: Chunk             |     2 |       ||     2
       Ration            |     1 |     1 ||     2
Armor: Skin              |    64 |    11 ||    75
Dodge: Dodged            |   101 |    20 ||   121

Table legend:
 A = Non-vault XP
 B = Vault XP
 C = Vault XP percentage of total XP
 D = Non-vault monster count
 E = Vault monster count
 F = Vault count percentage of total count
                 A         B        C        D         E       F
            +---------+---------+-------+---------+---------+-------
      Total |     122 |       0 |   0.0 |      48 |       0 |   0.0
            +---------+---------+-------+---------+---------+-------
        D:1 |      24 |       0 |   0.0 |      15 |       0 |   0.0
        D:2 |      72 |       0 |   0.0 |      21 |       0 |   0.0
        D:3 |      26 |       0 |   0.0 |      12 |       0 |   0.0
            +---------+---------+-------+---------+---------+-------
